 Dungeon Crawl Stone Soup version 0.30-a0-800-g7c544603b3 (webtiles) character file.

Game seed: 11494056660451878991

3101 retardedninja the Blocker (level 9, -2/74 HPs)
             Began as a Gnoll Fighter on Feb 21, 2023.
             Was an Initiate of Gozag.
             Slain by a large abomination (4 damage)
             ... on level 2 of the Abyss.
             The game lasted 00:12:46 (9669 turns).

retardedninja the Blocker (Gnoll Fighter)           Turns: 9669, Time: 00:12:46

Health: -2/74      AC: 22    Str: 20      XL:     9   Next: 90%
Magic:  16/16      EV:  7    Int:  3 (7)  God:    Gozag
Gold:   571        SH:  6    Dex: 11 (12) Spells: 17/17 levels left

rFire   . . .      SeeInvis .    a - +2 war axe
rCold   . . .      Faith    .    c - +0 buckler
rNeg    . . .      Spirit   .    d - +0 plate armour
rPois   .          Reflect  .    b - +2 helmet
rElec   .          Harm     .    C - +1 cloak {rCorr}
rCorr   +          Rampage  .    A - +0 pair of gloves
Will    .....                    i - +0 pair of boots Stlth
                                 (no amulet)
HPRegen 0.32/turn                (no ring)
MPRegen 0.15/turn                (no ring)

@: hasted, very quick
A: fangs 1, strong nose, distributed training, deterioration 1
a: Renounce Religion, Potion Petition, Call Merchant, Bribe Branch


You were on level 2 of the Abyss.
You worshipped Gozag.
Gozag was pleased with you.
You visited 2 branches of the dungeon, and saw 9 of its levels.
You visited the Abyss 1 time.

You collected 1072 gold pieces.
You paid 501 gold pieces to Gozag.

Inventory:

Hand Weapons
 a - a +2 war axe (weapon)
Missiles
 B - 6 javelins (quivered)
Armour
 b - a +2 helmet (worn)
 c - a +0 buckler (worn)
 d - a +0 plate armour (worn)
 i - a +0 pair of boots (worn)
 A - a +0 pair of gloves (worn)
 C - a +1 cloak of preservation (worn)
Wands
 m - a wand of polymorph (10)
 q - a wand of light (7)
 r - a wand of charming (6)
 v - a wand of digging (9)
Scrolls
 e - 2 scrolls of immolation
 g - 2 scrolls of magic mapping
 n - a scroll of teleportation {unknown}
 p - a scroll of vulnerability
 u - a scroll of fear
 y - a scroll of noise {unknown}
Potions
 f - a potion of magic
 j - a potion of degeneration
 k - 4 potions of flight
 l - 2 potions of lignification
 o - a potion of mutation


   Skills:
 + Level 8.2 Fighting
 + Level 4.9 Short Blades
 + Level 4.9 Long Blades
 + Level 6.7 Axes
 + Level 4.9 Maces & Flails
 + Level 4.9 Polearms
 + Level 4.9 Staves
 + Level 4.9 Ranged Weapons
 + Level 4.9 Throwing
 + Level 8.2 Armour
 + Level 4.9 Dodging
 + Level 4.9 Stealth
 + Level 8.2 Shields
 + Level 4.9 Unarmed Combat
 + Level 4.9 Spellcasting
 + Level 4.0 Conjurations
 + Level 4.0 Hexes
 + Level 4.0 Summonings
 + Level 4.0 Necromancy
 + Level 4.0 Translocations
 + Level 4.0 Transmutations
 + Level 4.0 Fire Magic
 + Level 4.0 Ice Magic
 + Level 4.0 Air Magic
 + Level 4.0 Earth Magic
 + Level 4.0 Poison Magic
 + Level 5.3 Invocations
 + Level 4.9 Evocations


You had 17 spell levels left.
You didn't know any spells.
Your spell library contained the following spells:

 Spells                   Type           Power      Damage    Failure   Level
 Apportation              Tloc           6%         N/A       86%         1
 Necrotise                Necr           12%        1d4       86%         1
 Summon Small Mammal      Summ           12%        N/A       86%         1
 Dazzling Flash           Conj/Hex       6%         N/A       99%         3
 Stone Arrow              Conj/Erth      6%         3d7       99%         3
 Animate Armour           Summ/Erth      6%         N/A       100%        4
 Iskenderun's Mystic Bla  Conj/Tloc      3%         2d3       100%        4
 Starburst                Conj/Fire      1%         6d3       100%        6
 Lehudib's Crystal Spear  Conj/Erth      1%         10d2      100%        8


Dungeon Overview and Level Annotations

Branches:
Dungeon (8/15)             Temple (1/1) D:5
   Lair: D:8-11

Altars:
Ashenzari
Cheibriados
Dithmenos
Elyvilon
Fedhas
Gozag
Hepliaklqana
Makhleb
Nemelex Xobeh
Okawaru
Qazlal
Ru
Trog
Uskayaw
Wu Jian
Xom
Yredelemnul
Zin
The Shining One

Annotations:
D:8 Psyche


Innate Abilities, Weirdness & Mutations

You have very sharp teeth.
Your uncanny sense of smell can sniff out nearby items.
Your experience applies equally to all skills.
Your body sometimes deteriorates upon taking damage.


Message History

You hit the large abomination but do no damage.
Your bite misses the large abomination.
The large abomination is moderately damaged.
A large abomination comes into view.
The large abomination barely misses you.
You can't see any enemies this would affect, really read the scroll of fear?
Okay, then.
Aiming: Charm
Press: ? - help, Q - select action, (/) - cycle Shift-Dir - straight line, f - large abomination
Aim: a large abomination (moderately damaged, chance to affect: 5%)
Okay, then.
The large abomination completely misses you.
You see here 7 gold pieces.
You enter the shallow water.
Moving in this stuff is going to be slow.
The large abomination hits you but does no damage.
You feel yourself speed up.
A small abomination comes into view.
A raiju comes into view.
The raiju barks!
Found a corrupted altar of Lugonu.
A raiju comes into view.
The raiju barks!
The raiju bites you but does no damage. The raiju bites you.
* * * LOW HITPOINT WARNING * * *
The raiju shocks you!
* * * LOW HITPOINT WARNING * * *
The raiju bursts into living lightning!
The living lightning hits you!
* * * LOW HITPOINT WARNING * * *
The raiju blinks!
As you read the scroll of fog, it crumbles to dust.
The scroll dissolves into smoke.
You block the raiju's attack.
There is a corrupted altar of Lugonu here.
A bunyip skeleton comes into view.
A wretched star comes into view.
The raiju bites you but does no damage. The large abomination hits you.
You die...
Your body crumbles into a pile of gold.

# ## .# .##.#.#
. ..#... .#
x.#..#.#
#..#.###
#x.#..##
..##.###Xh§§#.#
#......@§§§§§§#
.....#.##§h§###
#.# ..#.§## §.#
###Z## ### .*
..# #


You could see a large abomination, a raiju and a small abomination.

Vanquished Creatures
  Sigmund (D:2)
  A wyvern (D:7)
  A steam dragon (D:7)
  A neqoxec (Abyss:2)
  2 water moccasins
  2 orc warriors
  A black bear (D:7)
  2 ice beasts
  3 centaurs
  2 kobold brigands (D:7)
  2 bullfrogs
  A necrophage (D:5)
  2 scorpions
  3 howler monkeys (D:7)
  A quasit (Abyss:2)
  4 jellies
  5 orc priests
  3 hounds
  Crazy Yiuf (D:4)
  A gnoll bouda (D:5)
  Natasha (twice) (D:2)
  An iguana (D:3)
  5 orc wizards
  Robin (D:4)
  9 gnolls
  8 adders
  2 ufetubi
  A worm (D:2)
  2 dart slugs
  35 orcs
  4 ball pythons
  10 bats
  8 endoplasms
  4 giant cockroaches
  13 hobgoblins
  7 jackals
  20 kobolds
  6 quokkas
  2 frilled lizards
  20 goblins
  2 rats (D:1)
201 creatures vanquished.

Vanquished Creatures (others)
  2 orc wizards (D:5)
2 creatures vanquished.

Grand Total: 203 creatures vanquished

Notes
Turn   | Place    | Note
-------+----------+-------------------------------------------
     0 | D:1      | retardedninja the Gnoll Fighter began the quest for the
                  | Orb.
     0 | D:1      | Reached XP level 1. HP: 23/23 MP: 1/1
   201 | D:1      | Reached XP level 2. HP: 23/29 MP: 2/2
   959 | D:2      | Reached XP level 3. HP: 34/35 MP: 3/3
  1029 | D:2      | Noticed Sigmund
  1050 | D:2      | Reached skill level 1 in Invocations
  1052 | D:2      | Killed Sigmund
  1053 | D:2      | Reached skill level 1 in Short Blades
  1053 | D:2      | Reached skill level 1 in Long Blades
  1053 | D:2      | Reached skill level 1 in Maces & Flails
  1053 | D:2      | Reached skill level 1 in Polearms
  1053 | D:2      | Reached skill level 1 in Staves
  1053 | D:2      | Reached skill level 1 in Ranged Weapons
  1053 | D:2      | Reached skill level 1 in Throwing
  1053 | D:2      | Reached skill level 1 in Dodging
  1053 | D:2      | Reached skill level 1 in Stealth
  1053 | D:2      | Reached skill level 1 in Unarmed Combat
  1053 | D:2      | Reached skill level 1 in Spellcasting
  1053 | D:2      | Reached skill level 1 in Conjurations
  1053 | D:2      | Reached skill level 1 in Hexes
  1053 | D:2      | Reached skill level 1 in Summonings
  1053 | D:2      | Reached skill level 1 in Necromancy
  1053 | D:2      | Reached skill level 1 in Translocations
  1053 | D:2      | Reached skill level 1 in Transmutations
  1053 | D:2      | Reached skill level 1 in Fire Magic
  1053 | D:2      | Reached skill level 1 in Ice Magic
  1053 | D:2      | Reached skill level 1 in Air Magic
  1053 | D:2      | Reached skill level 1 in Earth Magic
  1053 | D:2      | Reached skill level 1 in Poison Magic
  1053 | D:2      | Reached skill level 1 in Evocations
  1053 | D:2      | Reached XP level 4. HP: 15/41 MP: 4/6
  1053 | D:2      | Reached XP level 5. HP: 17/47 MP: 4/7
  1425 | D:2      | Noticed Natasha
  1429 | D:2      | Killed Natasha
  1430 | D:2      | Reached XP level 6. HP: 53/53 MP: 8/8
  1499 | D:2      | Reached skill level 5 in Axes
  1866 | D:2      | Noticed Natasha
  1872 | D:2      | Killed Natasha
  2975 | D:4      | Reached XP level 7. HP: 58/59 MP: 10/10
  3315 | D:4      | Noticed Robin
  3328 | D:4      | Killed Robin
  3728 | D:4      | Found a runed translucent door.
  3729 | D:4      | Noticed Crazy Yiuf
  4042 | D:4      | Killed Crazy Yiuf
  4228 | D:5      | Entered Level 5 of the Dungeon
  4324 | D:5      | Found a staircase to the Ecumenical Temple.
  4379 | Temple   | Entered the Ecumenical Temple
  4479 | Temple   | Became a worshipper of the Shining One
  4580 | D:5      | Found an opulent altar of Gozag.
  4580 | D:5      | Found a bloodstained altar of Trog.
  4585 | D:5      | Fell from the grace of the Shining One
  4585 | D:5      | Became a worshipper of Gozag Ym Sagoz the Greedy
  4660 | D:5      | Found an ornate altar of the Wu Jian Council.
  4722 | D:5      | Reached XP level 8. HP: 66/67 MP: 12/12
  6919 | D:6      | Found an iron altar of Okawaru.
  6951 | D:6      | Reached XP level 9. HP: 35/73 MP: 14/14
  7925 | D:7      | Reached skill level 5 in Invocations
  8761 | D:8      | Noticed Psyche
  9488 | Abyss:1  | Cast into level 1 of the Abyss (Psyche)
  9517 | Abyss:1  | Found a corrupted altar of Lugonu.
  9522 | Abyss:1  | Noticed a thrashing horror
  9526 | Abyss:1  | Found a corrupted altar of Lugonu.
  9528 | Abyss:1  | Noticed a sixfirhy
  9609 | Abyss:2  | Gained mutation: Your body sometimes deteriorates upon
                  | taking damage. [a neqoxec]
  9656 | Abyss:2  | Found a corrupted altar of Lugonu.
  9663 | Abyss:2  | Found a corrupted altar of Lugonu.
  9663 | Abyss:2  | Found a corrupted altar of Lugonu.
  9664 | Abyss:2  | HP: 1/74 [raiju/living lightning (14)]
  9667 | Abyss:2  | Noticed a wretched star
  9669 | Abyss:2  | Slain by a large abomination

Illustrated notes

Levels and vault maps discovered:
D:1:      dpeg_arrival_morbid_curiosity, layout_loops_ring, supply_closet_lemuel
D:2:      minmay_angry_zag, layout_basic, minmay_pentomino_s2, uniq_natasha,
          uniq_sigmund
D:3:      layout_rooms, serial_bayou_pond_d, hangedman_glass_teeth,
          serial_bayou_crossing
D:4:      layout_basic, corexii_mini_fake_secret_closet,
          uniq_crazy_yiuf_cottage, uniq_robin
D:5:      layout_basic, jmf_multi_god_temple, nzn_wu_jian_contemplation,
          minmay_temple_entry_antechambers
D:6:      layout_cave_pools, mainiacjoe_overflow_concentric_impassable,
          nicolae_underground_beach
D:7:      layout_rooms, serial_curves, eino_curves_01, eino_curves_04
D:8:      layout_basic, palyth_temple_overflow_mages, erik_lair_island,
          uniq_psyche
Temple:   regret_index_temple_waves
Abyss:2:  base:
D:1

Skill      XL: |  1  2  3  4  5  6  7  8  9 |
---------------+----------------------------+-----
Invocations    | 2 3 4 5 |  5.3
Short Blades   | 1 2 3 4 |  4.9
Long Blades    | 1 2 3 4 |  4.9
Maces & Flails | 1 2 3 4 |  4.9
Polearms       | 1 2 3 4 |  4.9
Staves         | 1 2 3 4 |  4.9
Ranged Weapons | 1 2 3 4 |  4.9
Throwing       | 1 2 3 4 |  4.9
Dodging        | 1 2 3 4 |  4.9
Stealth        | 1 2 3 4 |  4.9
Unarmed Combat | 1 2 3 4 |  4.9
Spellcasting   | 1 2 3 4 |  4.9
Conjurations   | 1 2 3 4 |  4.0
Hexes          | 1 2 3 4 |  4.0
Summonings     | 1 2 3 4 |  4.0
Necromancy     | 1 2 3 4 |  4.0
Translocations | 1 2 3 4 |  4.0
Transmutations | 1 2 3 4 |  4.0
Fire Magic     | 1 2 3 4 |  4.0
Ice Magic      | 1 2 3 4 |  4.0
Air Magic      | 1 2 3 4 |  4.0
Earth Magic    | 1 2 3 4 |  4.0
Poison Magic   | 1 2 3 4 |  4.0
Evocations     | 1 2 3 4 |  4.9
Axes           | 5 6 |  6.7
Fighting       | 7 8 |  8.2
Armour         | 7 8 |  8.2
Shields        | 7 8 |  8.2

Action                     |  1- 3 |  4- 6 |  7- 9 || total
---------------------------+-------+-------+-------++-------
  Melee: War axe           |    65 |   113 |   376 ||   554
         Bite              |     4 |     7 |    47 ||    58
  Throw: Javelin           |       |       |     9 ||     9
 Invoke: Potion Petition   |       |       |     1 ||     1
    Use: Potion            |     1 |       |    12 ||    13
         Scroll            |       |       |    15 ||    15
   Stab: Distracted        |       |       |     1 ||     1
 Armour: Scale mail        |    31 |    65 |    71 ||   167
         Plate armour      |       |       |   288 ||   288
  Dodge: Dodged            |    24 |    73 |   160 ||   257
  Block: Buckler           |    13 |    32 |   153 ||   198

Table legend: (Time is in decaauts)
 A = Elapsed time spent in this place.
 B = Non-inter-level travel time spent in this place.
 C = Inter-level travel time spent in this place.
 D = Time resting spent in this place.
 E = Time spent auto-exploring this place.
 F = Levels seen in this place.
 G = Mean time per level.
                   A        B        C        D        E       F      G
               +--------+--------+--------+--------+--------+-----+--------+
         Total |   9784 |   9385 |    399 |   3369 |   4379 |  11 |  889.5 |
       Dungeon |   9508 |   9128 |    380 |   3365 |   4271 |   8 | 1188.5 |
        Temple |    120 |    101 |     19 |      0 |     79 |   1 |  120.0 |
         Abyss |    155 |    155 |      0 |      4 |     28 |   2 |   77.5 |
               +--------+--------+--------+--------+--------+-----+--------+

Top non-repeatable levels by time:
     D:5: 2092 daAuts
     D:4: 1706 daAuts
     D:7: 1269 daAuts
     D:6: 1116 daAuts
     D:2: 1003 daAuts
     D:1: 935 daAuts
     D:3: 710 daAuts
     D:8: 675 daAuts
  Temple: 120 daAuts
 Abyss:2: 111 daAuts
 Abyss:1: 44 daAuts
